Workbook

Sheet Лист1
B2: СОГЛАСОВАНО | K2: УТВЕРЖДАЮ
B3: Начальник отдела образования | K3: Директор ГБОУ школа № 606
B4: администрации Пушкинского района | K4: Пушкинского района Санкт-Петербурга
B5: Санкт-Петербурга
B6: _________________И.Н. Орловская | K6: ________________ М.М. Шмулевич
B7: «___» апреля 2026 г. | K7: «____» апреля 2026 г.
B10: Расчет начальной (максимальной) цены контракта, заключаемого с единственным поставщиком (подрядчиком, исполнителем),
B11: на поставку настольных игр, спортивного инвентаря, канцелярских товаров и развивающих наборов для ГБОУ школа № 606 Пушкинского района Санкт-Петербурга в 2026 году
A12: № п/п | B12: Наименование | M12: НМЦК с НДС, руб.
A13: 1 | B13: Расчет №1 | M13: 11302.36
A14: 2 | B14: Расчет №2 | M14: 28214.55
A15: 3 | B15: Расчет №3 | M15: 49912
A16: Итого: | M16: =M15+M14+M13 -> 89428.91
A18: Расчет составил: контрактный управляющий Рыбкина О.В.
M19: Расчет №1
A20: № п/п | B20: ОКПД2/КТРУ | C20: ККН | D20: Наименование товара | E20: Характеристики товара | F20: № по приложению № 2 к ППр СПб №489 | G20: Ед. изм. | H20: Кол-во | I20: Цена из оаспоряжения КГЗ № 100-р, руб., с НДС | J20: Цена из реестра товаров, в т.ч. НДС, руб. | K20: Среднеквадратичное отклонение | L20: Коэффициент вариации | M20: Цена за ед., в т. ч. НДС, руб. | N20: Сумма, руб., с НДС
A21: 1 | B21: 17.12.14.129/17.12.14.110-00000006 | C21: 19 | D21: Бумага для офисной техники | E21: Характеристика применяется ≥ 80.00000000000 < 90.00000000000 Г (Грамм) Формат: А4 Цветность: Цветная Количество листов в пачке: ≥ 100.00000000000 шт (Штука) Количество цветов в пачке: 5 шт (Штука) Тон:Пастельный Неоновый Интенсивный Медиум Соответствие нормативно-технической документации: ТУ производителя | F21: 279 | G21: пач | H21: 10 | I21: 527.67 | J21: _ | K21: _ | L21: _ | M21: 527.67 | N21: =M21*H21 -> 5276.7
A22: 2 | B22: 25.99.23.000/25.99.23.000-00000020 | C22: 52 | D22: Скрепки металлические | E22: Длина, max:≤ 30.0000 ММ (Миллиметр) Длина, min: ≥ 26.0000 ММ (Миллиметр) Количество штук в упаковке: ≥ 100.0000 Форма:Овальная Покрытие материала: Цветное полимерное Фактура поверхности:Гладкая Вид упаковки: Картонная коробка Соответствие нормативно-технической документации: Характеристика применяется РСТ РСФСР 38-87 ТУ производителя | F22: 447 | G22: упак | H22: 11 | I22: 80.61 | J22: _ | K22: _ | L22: _ | M22: 80.61 | N22: =M22*H22 -> 886.71
A23: 3 | B23: 28.24.11.000/28.24.11.000-00000007 | C23: 41 | D23: Пистолет клеевой электрический | E23: Диаметр клеевого стержня: Характеристика применяется 7 ММ (Миллиметр) Мощность: Характеристика применяется < 30.0000 ВТ (Ватт) ≥ 30.0000 < 50.0000 ВТ (Ватт) ≥ 50.0000 < 100.0000 ВТ (Ватт) Наличие курка: Да Наличие режима регулировки температуры: Нет Производительность, г/мин: Характеристика применяется < 5.0000 ≥ 10.0000 < 15.0000 ≥ 5.0000 < 10.0000 ≥ 15.0000 < 20.0000 ≥ 20.0000 < 25.0000 Рабочая температура:< 100.0000 ГРАД ЦЕЛЬС (Градус Цельсия) ≥ 200.0000 ГРАД ЦЕЛЬС (Градус Цельсия) ≥ 100.0000 < 150.0000 ГРАД ЦЕЛЬС (Градус Цельсия) ≥ 150.0000 < 200.0000 ГРАД ЦЕЛЬС (Градус Цельсия) Стержни в комплекте: Да Нет Тип питания: Характеристика применяется от сети Соответствие нормативно-технической документации: Характеристика применяется ТУ производителя | F23: 458 | G23: шт. | H23: 5 | I23: 1027.79 | J23: _ | K23: _ | L23: _ | M23: 1027.79 | N23: =M23*H23 -> 5138.95
A24: Итого: | N24: =N23+N22+N21 -> 11302.36
A26: "В целях применения нормативного метода используются предельные цены, установленные в соответствии со статьей 19 Закона, Постановлением Правительства Санкт- Петербурга от 15.06.2016 № 489 «Об утверждении Правил определения требований к закупаемым государственными органами Санкт-Петербурга, органом управления территориальным государственным внебюджетным фондом и подведомственными им казенными учреждениями, бюджетными учреждениями и государственными унитарными предприятиями отдельным видам товаров, работ, услуг (в том числе предельных цен товаров, работ, услуг)», распоряжением Комитета по государственному заказу Санкт- Петербурга от 31.05.2018 № 100-р «Об утверждении значений потребительских свойств (в том числе характеристик качества) и иных характеристик (в том числе предельных цен) отдельных видов товаров, работ, услуг», а также №326-р от 29.06.2020 г. «Об утверждении требований к закупаемым администрацией Пушкинского района Санкт- Петербурга, подведомственными ей казенными и бюджетными учреждениями отдельным видам товаров, работ, услуг (в том числе предельных цен товаров, работ, услуг)."
M27: Расчет №2
A28: № п/п | B28: ОКПД2 | C28: ККН | D28: Наименование товара | E28: Характеристики товара | F28: Ед. изм. | G28: Кол-во | H28: Источник ценовой информации* | I28: Цена, в т.ч. НДС, руб. | J28: Среднеквадратичное отклонение | K28: Коэффициент вариации | L28: Наименьшая цена включая НДС, руб. | M28: Сумма, руб., с НДС
B29: 32.30.15.114 | C29: 1 | D29: Волан для бадминтона | E29: Вид волана: Перьевой Скорость волана: Медленная; Средняя; Быстрая Количество перьев: не менее 14 не более 16 ШТ Общая высота волана: не более 74 ММ Диаметр оперения: не более 54 ММ Диаметр пробки (основания): не менее 25 не более 28 ММ Масса волана: не менее 4,75 не более 5,5 Г Количество в упаковке: ≥12 Соответствие стандартам BWF: Нет; Да Соответствие нормативно-технической документации: ТУ производителя | F29: упак | G29: 3 | H29: =[1]расчет!I31 -> 2780113607724000141 от 11.12.2024 | I29: =[1]расчет!J31 -> 593.46 | J29: =[1]расчет!K31 -> 50.16 | K29: =[1]расчет!L31 -> 9.01 | L29: =[1]расчет!M31 -> 470 | M29: =L29*G29 -> 1410
H30: =[1]расчет!I32 -> 2781616410125000017 от 19.05.2025 | I30: =[1]расчет!J32 -> 573.03
H31: =[1]расчет!I33 -> Экранная копия от 20.01.2026 № 04-71/26-0-0 | I31: =[1]расчет!J33 -> 560
H32: =[1]расчет!I34 -> Экранная копия от 20.01.2026 № 04-90/26-0-0 | I32: =[1]расчет!J34 -> 587
H33: =[1]расчет!I35 -> Ответ на запрос от 02.02.2026 № 04-385/26-0-0 | I33: =[1]расчет!J35 -> 470
A34: 1 | B34: 32.30.15.231 | C34: 27 | D34: Мяч волейбольный | E34: Вид мяча: Любительский Вид спорта: Классический волейбол Размер: 5 Материал покрышки: Синтетический; Натуральный Материал камеры: Резина; Латекс; Поливинилхлорид; Бутил Количество панелей: ≥16; ≥12 и <16; <12 ШТ Тип соединения панелей: Клеевая; Термосшивка; Гибридная сшивка; Машинная сшивка; Ручная сшивка Наличие сертификата FIVB: Нет Соответствие нормативно-технической документации: ТУ производителя | F34: ШТ | G34: 7 | H34: =[1]расчет!I36 -> 2781015172325000008 от 17.03.2025 | I34: =[1]расчет!J36 -> 1692.87 | J34: =[1]расчет!K36 -> 117.84 | K34: =[1]расчет!L36 -> 7.53 | L34: =[1]расчет!M36 -> 1390 | M34: =L34*G34 -> 9730
H35: =[1]расчет!I37 -> 2781015179424000031 от 09.08.2024 | I35: =[1]расчет!J37 -> 1611.69
H36: =[1]расчет!I38 -> Экранная копия от 20.01.2026 № 04-73/26-0-0 | I36: =[1]расчет!J38 -> 1390
H37: =[1]расчет!I39 -> Экранная копия от 20.01.2026 № 04-89/26-0-0 | I37: =[1]расчет!J39 -> 1620
H38: =[1]расчет!I40 -> Ответ на запрос от 02.02.2026 № 04-385/26-0-0 | I38: =[1]расчет!J40 -> 1507
A39: 2 | B39: 32.30.15.231 | C39: 30 | D39: Мяч для настольного тенниса | E39: Категория: 1 Уровень игры: Начинающий; Любительский Материал: Пластик; Целлулоид Диаметр: ≥40; <40 ММ Масса: не менее 2,5 не более 2,77 Г Количество в упаковке: ≤10 ШТ Соответствие стандарту ITTF: Отсутствие Соответствие нормативно-технической документации: Приказ Минспорта России от 19.12.2017 № 1083 "Правила вида спорта "настольный теннис"; ТУ производителя | F39: УПАК | G39: 10 | H39: =[1]расчет!I41 -> 2780415789325000020 от 09.06.2025 | I39: =[1]расчет!J41 -> 250.85 | J39: =[1]расчет!K41 -> 25.02 | K39: =[1]расчет!L41 -> 9.77 | L39: =[1]расчет!M41 -> 220 | M39: =L39*G39 -> 2200
H40: =[1]расчет!I42 -> 2780433385224000028 от 20.05.2024 | I40: =[1]расчет!J42 -> 258.98
H41: =[1]расчет!I43 -> Экранная копия от 20.01.2026 № 04-73/26-0-0 | I41: =[1]расчет!J43 -> 220
H42: =[1]расчет!I44 -> Экранная копия от 20.01.2026 № 04-88/26-0-0 | I42: =[1]расчет!J44 -> 260
H43: =[1]расчет!I45 -> Ответ на запрос от 26.02.2026 № 04-2021/26-0-0 | I43: =[1]расчет!J45 -> 290
A44: 3 | B44: 32.30.15.231 | C44: 33 | D44: Мяч баскетбольный | E44: Вид мяча: Любительский Размер: 7; 6; 5; 3 Материал покрышки: Синтетический; Натуральный Материал камеры: Резина; Латекс; Поливинилхлорид; Бутил Количество панелей: ≥16; >14 и ≤16; >10 и ≤14; >6 и ≤10; ≤6 ШТ Камера с армированной нейлоновой нитью: Нет; Да Тип соединения панелей: Клееный Наличие сертификата FIBA: Нет; Да Соответствие нормативно-технической документации: ГОСТ Р 56434-2015; ТУ производителя | F44: ШТ | G44: 6 | H44: =[1]расчет!I46 -> 2781015179424000031 от 09.08.2024 | I44: =[1]расчет!J46 -> 1170.53 | J44: =[1]расчет!K46 -> 93.91 | K44: =[1]расчет!L46 -> 8.78 | L44: =[1]расчет!M46 -> 946 | M44: =L44*G44 -> 5676
H45: =[1]расчет!I47 -> 2782032979725000024 от 20.06.2025 | I45: =[1]расчет!J47 -> 1061.13
H46: =[1]расчет!I48 -> Экранная копия от 20.01.2026 № 04-73/26-0-0 | I46: =[1]расчет!J48 -> 1100
H47: =[1]расчет!I49 -> Ответ на запрос от 02.02.2026 № 04-385/26-0-0 | I47: =[1]расчет!J49 -> 946
A48: 4 | B48: 32.30.15.231 | C48: 1 | D48: Мяч футбольный | E48: Вид мяча: Любительский Материал покрышки: Синтетический Материал камеры: Бутилкаучук; Резина; Полиэстер; Латекс; Полиуретан; Термополиуретан; Бутил Тип соединения панелей: Клееный; Термосшивка; Гибридная сшивка; Машинная сшивка; Ручная сшивка Количество панелей: >26; >20 и ≤26; >14 и ≤20; >8 и ≤14; ≤8 ШТ Наличие сертификата FIFA: Нет Размер: 5 Подкладочный слой: ≥3; ≥2; <2 Соответствие нормативно-технической документации: ТУ производителя | F48: ШТ | G48: 5 | H48: =[1]расчет!I50 -> 2780410523925000168 от 24.06.2025 | I48: =[1]расчет!J50 -> 1497.37 | J48: =[1]расчет!K50 -> 63.92 | K48: =[1]расчет!L50 -> 4.24 | L48: =[1]расчет!M50 -> 1434.41 | M48: =L48*G48 -> 7172.05
H49: =[1]расчет!I51 -> 2781015261424000064 от 16.09.2024 | I49: =[1]расчет!J51 -> 1434.41
H50: =[1]расчет!I52 -> Экранная копия от 20.01.2026 № 04-99/26-0-0 | I50: =[1]расчет!J52 -> 1590
H51: =[1]расчет!I53 -> Ответ на запрос от 02.02.2026 № 04-385/26-0-0 | I51: =[1]расчет!J53 -> 1504
A52: 5 | B52: 32.40.39.212 | C52: 1 | D52: Шар надувной | E52: Вид газа для заполнения шара: Атмосферный воздух; Без газа; Гелий Диаметр: ≥ 30 и < 40 СМ Количество штук в упаковке: ≥ 20 и < 30; ≥ 30 и < 40 ШТ Материал: Латекс Наличие изображения: Нет Цвет: Триколор Наличие надписи: Нет Шар фигурный: Нет Упаковка: Наличие Соответствие нормативно-технической документации: ТУ производителя | F52: УПАК | G52: 2 | H52: =[1]расчет!I54 -> 2780211429124000029 от 21.10.2024 | I52: =[1]расчет!J54 -> 339.57 | J52: =[1]расчет!K54 -> 34.78 | K52: =[1]расчет!L54 -> 9.47 | L52: =[1]расчет!M54 -> 339.57 | M52: =L52*G52 -> 679.14
H53: =[1]расчет!I55 -> Экранная копия от 17.02.2026 № 04-1522/26-0-0 | I53: =[1]расчет!J55 -> 375
H54: =[1]расчет!I56 -> Экранная копия от 17.02.2026 № 04-1536/26-0-0 | I54: =[1]расчет!J56 -> 413.23
H55: =[1]расчет!I57 -> Экранная копия от 18.02.2026 № 04-1760/26-0-0 | I55: =[1]расчет!J57 -> 341
A56: 6 | B56: 20.52.10.190 | C56: 37 | D56: Стержень клеевой для термоклеевого пистолета | E56: Диаметр стержня: ≥7 ММ Длина стержня: ≥200 ММ Количество стержней в упаковке: ≥ 60 ШТ Цветность: Бесцветный Длина стержня, max: не менее 200 не более 300 ММ Вес упаковки: не менее 0,9 не более 1,1 КГ Соответствие нормативно-технической документации: ГОСТ 19445-93; ТУ производителя | F56: УПАК | G56: 2 | H56: =[1]расчет!I58 -> Экранная копия от 05.02.2026 № 04-789/26-0-0 | I56: =[1]расчет!J58 -> 768.18 | J56: =[1]расчет!K58 -> 140.47 | K56: =[1]расчет!L58 -> 20.93 | L56: =[1]расчет!M58 -> 510 | M56: =L56*G56 -> 1020
H57: =[1]расчет!I59 -> Экранная копия от 06.02.2026 № 04-914/26-0-0 | I57: =[1]расчет!J59 -> 510
H58: =[1]расчет!I60 -> Ответ на запрос от 10.02.2026 № 04-1105/26-0-0 | I58: =[1]расчет!J60 -> 735
A59: 7 | B59: 32.40.39.212 | C59: 1 | D59: Шар надувной | E59: Вид газа для заполнения шара: Атмосферный воздух; Без газа; Гелий Диаметр: ≥ 30 и < 40 СМ Количество штук в упаковке: ≥ 50 и < 60 ШТ Материал: Латекс Наличие изображения: Нет Цвет: По согласованию с заказчиком Спецэффект цвета: Наличие/Отсутствие Наличие надписи: Нет Шар фигурный: Нет Упаковка: Наличие Соответствие нормативно-технической документации: ТУ производителя | F59: УПАК | G59: 2 | H59: =[1]расчет!I61 -> 2780702651425000023 от 15.09.2025 | I59: =[1]расчет!J61 -> 163.68 | J59: =[1]расчет!K61 -> 37.15 | K59: =[1]расчет!L61 -> 17.98 | L59: =[1]расчет!M61 -> 163.68 | M59: =L59*G59 -> 327.36
H60: =[1]расчет!I62 -> Экранная копия от 17.02.2026 № 04-1522/26-0-0 | I60: =[1]расчет!J62 -> 229
H61: =[1]расчет!I63 -> Экранная копия от 18.02.2026 № 04-1741/26-0-0 | I61: =[1]расчет!J63 -> 227
A62: Итого: | M62: =M59+M56+M52+M48+M44+M39+M34+M29 -> 28214.55
B63: * Реестр товаров 2 квартала 2026 года
M65: Расчет №3
A67: № п/п | B67: ОКПД2 | C67: Ед.изм. | D67: Наименование товара | E67: Кол-во | F67: Цена за ед., руб., с НДС | I67: Цена из распоряж КГЗ №100-р руб., с НДС | J67: Цена из реестра товаров руб., с НДС | K67: Наименьшая цена за ед., руб., с НДС | L67: Среднее квадратичное отклонение | M67: Сумма, руб., с НДС | N67: Коэффициент вариации *
F69: КП Вх. №48/26 от 14.04.2026 г. | G69: КП Вх. №49/26 от 14.04.2026 г. | H69: КП Вх. №50/26 от 14.04.2026 г.
A71: 1 | B71: 2 | C71: 3 | D71: 4 | E71: 5 | F71: 6 | G71: 7 | H71: 8 | I71: 9 | J71: 10 | K71: 11 | L71: 12 | M71: 13 | N71: 14
A72: 1 | B72: 32.40.39.290 | C72: набор | D72: Мыльные пузыри | E72: 8 | F72: 817 | G72: 856 | H72: 820 | I72: - | J72: - | K72: 817 | L72: =_xlfn.STDEV.S(F72:G72:H72) -> 21.702534 | M72: =K72*E72 -> 6536 | N72: =(_xlfn.STDEV.S(F72:H72)/AVERAGE(F72:H72))*100 -> 2.6116167
A73: 2 | B73: 58.11.13.000 | C73: упак | D73: Раскраска для мальчиков | E73: 8 | F73: 234 | G73: 199 | H73: 200 | I73: - | J73: - | K73: 199 | L73: =_xlfn.STDEV.S(F73:G73:H73) -> 19.924859 | M73: =K73*E73 -> 1592 | N73: =(_xlfn.STDEV.S(F73:H73)/AVERAGE(F73:H73))*100 -> 9.4430611
A74: 3 | B74: 58.11.13.000 | C74: упак | D74: Раскраска для девочек | E74: 10 | F74: 205 | G74: 235 | H74: 200 | I74: - | J74: - | K74: 200 | L74: =_xlfn.STDEV.S(F74:G74:H74) -> 18.929694 | M74: =K74*E74 -> 2000 | N74: =(_xlfn.STDEV.S(F74:H74)/AVERAGE(F74:H74))*100 -> 8.8732943
A75: 4 | B75: 32.40.42.199 | C75: набор | D75: Пазлы | E75: 5 | F75: 1213 | G75: 1199 | H75: 1200 | I75: - | J75: - | K75: 1199 | L75: =_xlfn.STDEV.S(F75:G75:H75) -> 7.8102497 | M75: =K75*E75 -> 5995 | N75: =(_xlfn.STDEV.S(F75:H75)/AVERAGE(F75:H75))*100 -> 0.64869183
A76: 5 | B76: 32.40.39.290 | C76: упак | D76: Наклейки для мальчиков | E76: 7 | F76: 199 | G76: 235 | H76: 200 | I76: - | J76: - | K76: 199 | L76: =_xlfn.STDEV.S(F76:G76:H76) -> 20.502032 | M76: =K76*E76 -> 1393 | N76: =(_xlfn.STDEV.S(F76:H76)/AVERAGE(F76:H76))*100 -> 9.7012772
A77: 6 | B77: 32.40.39.290 | C77: упак | D77: Наклейки для девочек | E77: 7 | F77: 198 | G77: 214 | H77: 200 | I77: - | J77: - | K77: 198 | L77: =_xlfn.STDEV.S(F77:G77:H77) -> 8.7177979 | M77: =K77*E77 -> 1386 | N77: =(_xlfn.STDEV.S(F77:H77)/AVERAGE(F77:H77))*100 -> 4.2734303
A78: 7 | B78: 32.99.53.190 | C78: упак | D78: Значки | E78: 4 | F78: 812 | G78: 835 | H78: 800 | I78: - | J78: - | K78: 800 | L78: =_xlfn.STDEV.S(F78:G78:H78) -> 17.785762 | M78: =K78*E78 -> 3200 | N78: =(_xlfn.STDEV.S(F78:H78)/AVERAGE(F78:H78))*100 -> 2.1805184
A79: 8 | B79: 32.40.39.212 | C79: набор | D79: Шар надувной (25 см) | E79: 2 | F79: 755 | G79: 790 | H79: 750 | I79: - | J79: - | K79: 750 | L79: =_xlfn.STDEV.S(F79:G79:H79) -> 21.794495 | M79: =K79*E79 -> 1500 | N79: =(_xlfn.STDEV.S(F79:H79)/AVERAGE(F79:H79))*100 -> 2.8489536
A80: 9 | B80: 32.40.39.212 | C80: набор | D80: Шар надувной (13 см) | E80: 2 | F80: 564 | G80: 570 | H80: 550 | I80: - | J80: - | K80: 550 | L80: =_xlfn.STDEV.S(F80:G80:H80) -> 10.263203 | M80: =K80*E80 -> 1100 | N80: =(_xlfn.STDEV.S(F80:H80)/AVERAGE(F80:H80))*100 -> 1.8283616
A81: 10 | B81: 32.40.42.000 | C81: шт | D81: Настольная игра "Мини-Словодел" | E81: 5 | F81: 413 | G81: 450 | H81: 400 | I81: - | J81: - | K81: 400 | L81: =_xlfn.STDEV.S(F81:G81:H81) -> 25.942244 | M81: =K81*E81 -> 2000 | N81: =(_xlfn.STDEV.S(F81:H81)/AVERAGE(F81:H81))*100 -> 6.1620531
A82: 11 | B82: 32.40.42.000 | C82: шт | D82: Настольная игра "Морской бой" | E82: 5 | F82: 612 | G82: 599 | H82: 600 | I82: - | J82: - | K82: 599 | L82: =_xlfn.STDEV.S(F82:G82:H82) -> 7.2341781 | M82: =K82*E82 -> 2995 | N82: =(_xlfn.STDEV.S(F82:H82)/AVERAGE(F82:H82))*100 -> 1.198373
A83: 12 | B83: 32.30.15.000 | C83: шт | D83: Набор для бадминтона | E83: 8 | F83: 499 | G83: 512 | H83: 500 | I83: - | J83: - | K83: 499 | L83: =_xlfn.STDEV.S(F83:G83:H83) -> 7.2341781 | M83: =K83*E83 -> 3992 | N83: =(_xlfn.STDEV.S(F83:H83)/AVERAGE(F83:H83))*100 -> 1.4363027
... A93: 22 | B93: 32.30.15.000 | C93: шт | D93: Набор для настольного тенниса | E93: 4 | F93: 700 | G93: 712 | H93: 680 | I93: - | J93: - | K93: 680 | L93: =_xlfn.STDEV.S(F93:G93:H93) -> 16.165808 | M93: =K93*E93 -> 2720 | N93: =(_xlfn.STDEV.S(F93:H93)/AVERAGE(F93:H93))*100 -> 2.3182324
A94: ИТОГО: | M94: =SUM(M72:M93) -> 49912
A95: Определение начальной (максимальной) цены контракта проведено в соответствии с частью 2 статьи 22 Федерального закона от 05.04.2013 № 44-ФЗ с применением метода сопоставимых рыночных цен (анализа рынка) контракта, заключаемого с единственным поставщиком (подрядчиком, исполнителем). При расчете НМЦК использовались следующие источники ценовой информации: коммерческие предложения трех (3) потенциальных поставщиков от 14.04.2026 г.
